 Dungeon Crawl Stone Soup version 0.29.1-1-gd02db6906a (webtiles) character file.

Game seed: 17656221371575053832

110 Descartes the Twirler (level 4, -1/29 HPs)
             Began as an Octopode Wanderer on Oct 15, 2022.
             Killed from afar by an orc wizard (8 damage)
             ... with a magic dart
             ... on level 3 of the Dungeon.
             The game lasted 00:05:54 (2117 turns).

Descartes the Twirler (Octopode Wanderer)           Turns: 2117, Time: 00:05:55

Health: -1/29      AC:  1    Str:  9    XL:     4   Next: 91%
Magic:  4/6        EV: 13    Int: 18    God:
Gold:   215        SH:  0    Dex: 11    Spells: 3/6 levels left

rFire   . . .      SeeInvis .   a - +0 quarterstaff (vorpal)
rCold   + . .      Faith    .   (shield currently unavailable)
rNeg    . . .      Spirit   .   b - +0 hat
rPois   .          Reflect  .   (no amulet)
rElec   .          Harm     .   v - ring of protection from cold
rCorr   .          Rampage  .   (no ring)
Will    .....                   (no ring)
Stlth   +++.......              (no ring)
HPRegen 0.09/turn               (no ring)
MPRegen 0.10/turn               (no ring)
                                (no ring)
                                (no ring)

@: no status effects
A: almost no armour, amphibious, 8 rings, camouflage 1, gelatinous body 1,
(nimble swimmer 1), tentacles
a: no special abilities


You were on level 3 of the Dungeon.
You visited 1 branch of the dungeon, and saw 3 of its levels.

You collected 215 gold pieces.

Inventory:

Hand Weapons
 a - a +0 vorpal quarterstaff (weapon)
 x - a +1 dagger of electrocution
Armour
 b - a +0 hat (worn)
Magical Staves
 i - a staff of fire
 w - a staff of conjuration
Jewellery
 v - a ring of protection from cold (left tentacle)
Wands
 q - a wand of acid (8)
 u - a wand of flame (29)
Scrolls
 d - a scroll of teleportation {unknown}
 e - a scroll of immolation {unknown}
 g - a scroll of enchant weapon {unknown}
 j - a scroll of summoning {unknown}
 k - a scroll of fear {unknown}
 m - a scroll of magic mapping {unknown}
 n - 2 scrolls of identify {unknown}
 r - a scroll of amnesia {unknown}
Potions
 c - 5 potions of haste
 f - a potion of berserk rage {unknown}
 h - 2 potions of mutation {unknown}
 l - 2 potions of invisibility {unknown}
 o - a potion of might {unknown}
 p - a potion of degeneration {unknown}
 s - a potion of curing {unknown}
 t - a potion of heal wounds {unknown}


   Skills:
 - Level 2.0 Fighting
 + Level 3.6 Staves
 + Level 2.0 Dodging
 + Level 3.1 Stealth
 + Level 1.8 Spellcasting
 + Level 0.4 Translocations
 + Level 2.7 Earth Magic


You had 3 spell levels left.
You knew the following spells:

 Your Spells              Type           Power      Damage    Failure   Level
a - Sandblast             Erth           22%        2d7       6%          1
b - Blink                 Tloc           6%         N/A       24%         2

Your spell library contained the following spells:

 Spells                   Type           Power      Damage    Failure   Level
 Scorch                   Fire           2%         2d5       28%         2
 Stone Arrow              Conj/Erth      12%        3d7       30%         3
 Lesser Beckoning         Tloc           3%         N/A       43%         3
 Flame Wave               Conj/Fire      1%         2d4       88%         4
 Manifold Assault         Tloc           3%         N/A       99%         5
 Summon Cactus Giant      Summ           0%         N/A       100%        6


Dungeon Overview and Level Annotations

Branches:
Dungeon (3/15)

Altars:
Elyvilon
Ru
Wu Jian

Shops:
D:1 :


Innate Abilities, Weirdness & Mutations

You cannot wear most types of armour.
You are amphibious.
You can wear up to eight rings at the same time.
Your skin changes colour to match your surroundings (Stealth+).
Your rubbery body absorbs attacks. (AC +1, EV +1)
((You are camouflaged when in or above water. (Stealth+)))
You have tentacles for arms and can constrict up to eight enemies at once.


Message History

Unknown command.
Casting: Sandblast (safe; 6% risk of failure)
Confirm with . or Enter, or press ? or * to list all spells.
Aiming: Sandblast (safe; 6% risk of failure)
Press: ? - help, Shift-Dir - straight line, f - orc
Aim: an orc, wielding a +0 dagger and quivering silver boomerangs (82% to hit)
The blast of sand hits the orc.
The orc is severely wounded.
An orc comes into view. It is wielding a +0 morningstar.
The orc throws a silver boomerang.
The silver boomerang hits you.
Casting: Sandblast (safe; 6% risk of failure)
Confirm with . or Enter, or press ? or * to list all spells.
Aiming: Sandblast (safe; 6% risk of failure)
Press: ? - help, Shift-Dir - straight line, f/p - orc
Aim: an orc, wielding a +0 dagger and quivering silver boomerangs (severely wounded, 82% to hit)
The blast of sand hits the orc!
You kill the orc!
An orc wizard comes into view. It is wielding a +0 dagger.
Casting: Sandblast (safe; 6% risk of failure)
Confirm with . or Enter, or press ? or * to list all spells.
Aiming: Sandblast (safe; 6% risk of failure)
Press: ? - help, Shift-Dir - straight line, f - orc
Aim: an orc, wielding a +0 morningstar (82% to hit)
The blast of sand hits the orc!
You kill the orc!
The orc wizard mumbles some strange words.
The orc wizard flickers and vanishes!
Deactivating autopickup; reactivate with Ctrl-A.
A magic dart appears from out of thin air!
The magic dart hits you!
Casting: Sandblast (safe; 6% risk of failure)
Confirm with . or Enter, or press ? or * to list all spells.
You can't see any susceptible monsters within range! (Use Z to cast anyway.) Unknown command.
A puff of flame appears from out of thin air!
The puff of flame hits you!
* * * LOW HITPOINT WARNING * * *
A magic dart appears from out of thin air!
The magic dart hits you!
You die...

# ## ### ### . .# #.. ..# .#
.#######.######.# ##.####
.......#.#....#.# .......
.......#.....##.########..)....
.......#........@.....{...)....
.......#......#.#######........
..##.###.#.#.......# #........
..............#....# ...#.####
..##.###.#.....<...# ...#.#
.....#...#.#...#...# ....# #
#....#.#.#.#.......# .....
#.##.#.###.#.####..##....#
#..#.#...#.#.......#


There were no monsters in sight!

Vanquished Creatures
  Jessica (D:3)
  4 adders
  2 worms
  2 orcs (D:3)
  3 endoplasms
  4 giant cockroaches
  4 hobgoblins
  4 jackals (D:1)
  2 kobolds
  A quokka (D:3)
  5 ball pythons
  5 goblins
  3 rats (D:1)
40 creatures vanquished.

Notes
Turn   | Place    | Note
-------+----------+-------------------------------------------
     0 | D:1      | Descartes the Octopode Wanderer began the quest for the
                  | Orb.
     0 | D:1      | Descartes set off with the following items: a +0 vorpal
                  | quarterstaff, a +0 hat, a potion of haste; and the
                  | following spell memorised: Sandblast; and the following
                  | spells available to memorise: Stone Arrow.
     0 | D:1      | Reached XP level 1. HP: 14/14 MP: 2/2
    52 | D:1      | Found Juyshebb's Book Boutique.
    58 | D:1      | Reached XP level 2. HP: 19/19 MP: 1/3
   952 | D:2      | Reached XP level 3. HP: 24/24 MP: 3/5
  1154 | D:2      | Found a sacrificial altar of Ru.
  1256 | D:2      | Found a faded altar of an unknown god.
  1536 | D:3      | Found a white marble altar of Elyvilon.
  1639 | D:3      | Reached XP level 4. HP: 29/29 MP: 3/6
  1743 | D:3      | Learned a level 2 spell: Blink
  1932 | D:3      | Found an ornate altar of the Wu Jian Council.
  2001 | D:3      | Noticed Jessica
  2011 | D:3      | Killed Jessica
  2117 | D:3      | Killed from afar by an orc wizard

Illustrated notes

Levels and vault maps discovered:
D:1:      saegor_arrival_simple_c, layout_loops_ring, serial_shops, shop_coins
D:2:      layout_basic, chequers_ecumenical_altar_simple, basic_altar,
          minmay_tetromino_s2
D:3:      layout_basic, mainiacjoe_overflow_boulevard, vehumet_statue,
          yredelemnul_forgotten_temple_becter, pdpol_wu_jian_five_deadly_venoms,
          serial_bayou_crossing, uniq_jessica

Skill      XL: |  1  2  3  4 |
---------------+-------------+-----
Stealth        | 2 3 |  3.1
Dodging        | 2 |  2.0
Fighting       | |  2.0
Staves         | |  3.6
Spellcasting   | |  1.8
Translocations | |  0.4
Earth Magic    | |  2.7

Action                   |  1- 3 |  4- 6 || total
-------------------------+-------+-------++-------
Melee: Quarterstaff      |    19 |     1 ||    20
       Constrict         |     8 |     1 ||     9
       Tentacles         |     5 |       ||     5
 Cast: Sandblast         |    37 |    18 ||    55
Armor: Skin              |     4 |       ||     4
Dodge: Dodged            |    15 |     3 ||    18
